| 12 | 0:00 | SCV | |
| 13 | 0:12 | SCV | |
| 14 | 0:16 | Supply Depot | |
| 14 | 0:24 | SCV | |
| 15 | 0:38 | SCV | |
| 15 | 0:39 | Barracks | |
| 15 | 0:42 | Refinery | |
| 16 | 0:50 | SCV | |
| 17 | 1:02 | SCV | |
| 18 | 1:14 | SCV | |
| 19 | 1:26 | Reaper, Orbital Command | |
| 20 | 1:37 | Command Center | |
| 20 | 1:45 | Supply Depot | |
| 20 | 1:52 | SCV | |
| 21 | 1:58 | Marine | |
| 22 | 2:04 | SCV | |
| 23 | 2:09 | Factory | |
| 23 | 2:16 | SCV | |
| 23 | 2:19 | Barracks Reactor | |
| 24 | 2:29 | SCV | |
| 25 | 2:36 | Command Center | |
| 25 | 2:42 | SCV | |
| 26 | 2:50 | Orbital Command | |
| 26 | 2:54 | SCV | |
| 26 | 2:56 | Starport | |
| 27 | 3:02 | Refinery | |
| 27 | 3:06 | SCV | |
| 27 | 3:10 | Hellion | |
| 30 | 3:13 | Hellion | |
| 30 | 3:15 | SCV | |
| 30 | 3:18 | SCV | |
| 34 | 3:20 | Barracks Tech Lab | |
| 34 | 3:27 | SCV | |
| 34 | 3:31 | SCV, Hellion | |
| 38 | 3:35 | Hellion | |
| 38 | 3:39 | SCV | |
| 41 | 3:42 | Banshee | |
| 41 | 3:43 | SCV | |
| 41 | 3:44 | Marine | |
| 46 | 3:50 | Orbital Command | |
| 46 | 3:52 | SCV | |
| 47 | 3:58 | Bunker, SCV | |
| 47 | 4:02 | Marine | |
| 49 | 4:04 | SCV | |
| 49 | 4:05 | Hellion | |
| 49 | 4:08 | Hellion | |
| 52 | 4:11 | SCV | |
| 52 | 4:16 | SCV | |
| 52 | 4:18 | SCV | |
| 52 | 4:20 | Marine | |
| 52 | 4:23 | SCV | |
| 50 | 4:28 | SCV | |
| 50 | 4:31 | SCV | |
| 42 | 4:32 | Raven | |
| 42 | 4:36 | SCV | |
| 42 | 4:38 | Marine | |
| 42 | 4:45 | SCV | |
| 41 | 4:47 | SCV | |
| 41 | 4:52 | SCV | |
| 42 | 4:56 | Supply Depot | |
| 43 | 5:01 | Barracks Tech Lab | |
| 43 | 5:03 | Barracks, SCV | |
| 43 | 5:05 | SCV | |
| 43 | 5:07 | SCV | |
| 43 | 5:08 | Barracks, Factory Reactor | |
| 44 | 5:16 | SCV | |
| 44 | 5:18 | SCV | |
| 44 | 5:19 | Marine | |
| 44 | 5:20 | Stimpack, Refinery | |
| 47 | 5:23 | SCV | |
| 48 | 5:28 | SCV | |
| 48 | 5:29 | Starport Reactor | |
| 48 | 5:30 | SCV, Supply Depot | |
| 48 | 5:35 | SCV | |
| 51 | 5:37 | Marine | |
| 51 | 5:40 | SCV | |
| 51 | 5:41 | Engineering Bay x2, Orbital Command | |
| 53 | 5:43 | SCV | |
| 53 | 5:47 | Refinery | |
| 54 | 5:52 | Barracks, SCV | |
| 54 | 5:53 | Supply Depot | |
| 54 | 5:54 | Marine x2 | |
| 54 | 5:55 | SCV | |
| 56 | 5:57 | Siege Tank | |
| 56 | 5:59 | Marine | |
| 56 | 6:04 | Marine x2 | |
| 60 | 6:05 | SCV | |
| 60 | 6:06 | SCV | |
| 60 | 6:08 | Medivac x2 | |
| 68 | 6:12 | SCV, Supply Depot | |
| 68 | 6:13 | Marine | |
| 68 | 6:17 | Supply Depot, Terran Infantry Weapons Level 1 | |
| 70 | 6:19 | SCV | |
| 70 | 6:20 | SCV | |
| 70 | 6:22 | Marine x2 | |
| 70 | 6:24 | SCV | |
| 70 | 6:25 | Marine | |
| 76 | 6:28 | Marine | |
| 76 | 6:31 | Terran Infantry Armor Level 1 | |
| 76 | 6:32 | SCV x2 | |
| 79 | 6:36 | Marine, SCV | |
| 79 | 6:39 | Supply Depot | |
| 81 | 6:42 | Siege Tank | |
| 81 | 6:43 | Marine | |
| 81 | 6:44 | SCV x2, Marine | |
| 88 | 6:48 | Marine | |
| 88 | 6:49 | SCV | |
| 88 | 6:51 | Marine, Supply Depot | |
| 91 | 6:56 | Barracks | |
| 91 | 6:58 | SCV, Barracks | |
| 91 | 7:00 | Marine | |
| 93 | 7:01 | SCV | |
| 93 | 7:02 | Supply Depot | |
| 93 | 7:03 | SCV | |
| 93 | 7:06 | Combat Shield | |
| 93 | 7:07 | Marine | |
| 93 | 7:08 | Marine x2 | |
| 97 | 7:10 | SCV | |
| 97 | 7:12 | Marauder | |
| 97 | 7:13 | SCV | |
| 97 | 7:15 | SCV | |
| 103 | 7:17 | Siege Tank | |
| 103 | 7:21 | Supply Depot | |
| 103 | 7:22 | SCV | |
| 107 | 7:25 | Medivac x2, SCV | |
| 107 | 7:26 | Marine x3 | |
| 107 | 7:27 | Marine | |
| 107 | 7:28 | SCV | |
| 116 | 7:34 | Refinery | |
| 116 | 7:35 | Armory | |
| 116 | 7:37 | Supply Depot | |
| 116 | 7:39 | Supply Depot | |
| 116 | 7:41 | Marauder | |
| 116 | 7:42 | SCV | |
| 116 | 7:43 | Refinery | |
| 116 | 7:44 | SCV | |
| 116 | 7:47 | Supply Depot, SCV | |
| 116 | 7:49 | Barracks Tech Lab, Barracks Reactor | |
| 116 | 7:50 | Marine | |
| 119 | 7:51 | Marine | |
| 119 | 7:53 | Marine x2 | |
| 119 | 7:55 | SCV | |
| 119 | 7:56 | Siege Tank | |
| 126 | 7:59 | SCV x2 | |
| 126 | 8:00 | Supply Depot | |
| 126 | 8:04 | Supply Depot | |
| 128 | 8:06 | Factory | |
| 128 | 8:15 | Command Center | |
| 128 | 8:17 | Supply Depot | |
| 128 | 8:18 | Liberator x2 | |
| 128 | 8:19 | Marine | |
| 134 | 8:22 | Marine x2 | |
| 134 | 8:23 | Marine | |
| 134 | 8:26 | Marauder x2 | |
| 142 | 8:27 | Concussive Shells | |
| 142 | 8:28 | Marine x2 | |
| 142 | 8:33 | Siege Tank, Drilling Claws | |
| 147 | 8:43 | Marine x2 | |
| 147 | 8:45 | Barracks x3, Marine x2 | |
| 147 | 8:48 | Marine x2 | |
| 153 | 8:49 | Marauder | |
| 153 | 8:54 | Marauder | |
| 155 | 8:56 | Factory Reactor | |
| 155 | 8:58 | Terran Infantry Weapons Level 2 | |
| 155 | 9:00 | Terran Infantry Armor Level 2, Marine | |
| 155 | 9:01 | Marine | |
| 150 | 9:02 | Marine | |
| 150 | 9:03 | Marine | |
| 150 | 9:05 | SCV, Marine | |
| 150 | 9:06 | SCV | |
| 150 | 9:07 | SCV | |
| 156 | 9:10 | Liberator | |
| 156 | 9:13 | Liberator | |
| 162 | 9:19 | Marine | |
| 162 | 9:20 | Marine x2 | |
| 162 | 9:21 | Marauder, SCV | |
| 166 | 9:24 | Marine | |
| 166 | 9:25 | Marine x3, Widow Mine | |
| 166 | 9:31 | SCV | |
| 170 | 9:33 | Barracks Tech Lab x3 | |
| 170 | 9:36 | SCV, Marine | |
| 172 | 9:40 | Marine | |
| 173 | 9:48 | Widow Mine x2, Sensor Tower | |
| 173 | 9:50 | Refinery | |
| 173 | 9:52 | Refinery, Planetary Fortress | |
| 177 | 9:55 | SCV | |
| 178 | 10:05 | Command Center, Sensor Tower | |
| 178 | 10:07 | Marauder x3 | |
| 178 | 10:08 | Starport, Marauder | |
| 178 | 10:12 | Widow Mine x2 | |
| 190 | 10:17 | Terran Vehicle And Ship Armor Level 1 | |
| 190 | 10:20 | Widow Mine x2 | |
| 194 | 10:22 | Marauder | |
| 194 | 10:27 | Marauder | |
| 198 | 10:29 | Marauder | |
| 198 | 10:33 | Marauder | |
| 198 | 10:35 | Marauder | |
| 192 | 10:45 | Starport Reactor | |
| 192 | 10:47 | Widow Mine x2 | |
| 192 | 10:49 | Widow Mine | |
| 198 | 10:50 | Widow Mine, Ghost Academy | |
| 200 | 10:57 | Marauder, Command Center | |
| 200 | 10:58 | Sensor Tower | |
| 200 | 11:00 | Medivac | |
| 200 | 11:01 | Marine | |
| 200 | 11:02 | Sensor Tower | |
| 200 | 11:03 | Marauder | |
| 183 | 11:05 | Marauder | |
| 183 | 11:06 | Marine x2 | |
| 183 | 11:07 | Medivac | |
| 183 | 11:08 | Marine x3, Marauder, Widow Mine x2 | |
| 183 | 11:10 | Widow Mine | |
| 185 | 11:18 | Marine | |
| 181 | 11:19 | Marine | |
| 181 | 11:23 | Marine | |
| 181 | 11:24 | Marine, Marauder | |
| 155 | 11:26 | Marine, Marauder | |
| 155 | 11:27 | Marauder x2 | |
| 155 | 11:29 | Marine | |
| 155 | 11:30 | Liberator x2 | |
| 160 | 11:36 | Marine, Widow Mine | |
| 160 | 11:37 | Marine | |
| 152 | 11:41 | Marine | |
| 152 | 11:42 | Marine, Widow Mine | |
| 152 | 11:44 | Marine | |
| 152 | 11:45 | Marine | |
| 152 | 11:47 | Marine x3, Widow Mine x2 | |
| 152 | 11:48 | Marine | |
| 152 | 11:50 | Medivac | |
| 152 | 11:53 | Marine | |
| 159 | 11:55 | Liberator | |
| 159 | 11:59 | Marine x2 | |
| 164 | 12:02 | Terran Infantry Weapons Level 3 | |
| 164 | 12:03 | Marine | |
| 164 | 12:04 | Marine x2 | |
| 164 | 12:05 | Marine x2 | |
| 169 | 12:11 | Widow Mine x3 | |
| 169 | 12:12 | Widow Mine | |
| 177 | 12:19 | Marauder | |
| 179 | 12:23 | Marine x2 | |
| 179 | 12:25 | Marauder, Marine | |
| 179 | 12:28 | Marine | |
| 185 | 12:31 | Marauder | |
| 185 | 12:32 | Medivac | |
| 185 | 12:33 | Marine | |
| 185 | 12:34 | Widow Mine | |
| 185 | 12:35 | Marauder | |
| 189 | 12:41 | Widow Mine | |
| 189 | 12:44 | Widow Mine, Medivac, Marine | |
| 189 | 12:46 | Marauder x2 | |
| 189 | 12:50 | Widow Mine | |
| 172 | 12:51 | Marauder | |
| 172 | 12:52 | Marauder | |
| 172 | 12:56 | Marine x4, Widow Mine, Marauder | |
| 179 | 13:02 | Marauder | |
| 181 | 13:07 | Marauder, Marine | |
| 181 | 13:12 | Marauder | |
| 186 | 13:14 | Marauder | |
| 186 | 13:17 | Widow Mine | |
| 188 | 13:22 | Marauder | |
| 188 | 13:23 | Marine | |
| 188 | 13:24 | Marauder | |
| 189 | 13:27 | Marauder, Widow Mine, Medivac | |
| 189 | 13:29 | Marauder, SCV | |
| 189 | 13:32 | Orbital Command, SCV | |
| 189 | 13:37 | Marine | |
| 189 | 13:38 | Marauder | |
| 189 | 13:40 | Medivac x2 | |
| 189 | 13:42 | Marine, Medivac, Widow Mine | |
| 189 | 13:43 | SCV | |
| 168 | 13:52 | Marauder | |
| 168 | 13:55 | Marauder, Marine | |
| 148 | 13:57 | Liberator | |
| 148 | 14:00 | Marauder | |
| 139 | 14:07 | Widow Mine | |
| 139 | 14:08 | Widow Mine | |
| 143 | 14:10 | Widow Mine, Medivac | |
| 143 | 14:11 | Marine | |
| 143 | 14:15 | Liberator | |
| 151 | 14:21 | Marine x2, Widow Mine | |
| 151 | 14:22 | Marine x2 | |
| 157 | 14:27 | Liberator | |
| 160 | 14:32 | Marine, Widow Mine | |
| 160 | 14:34 | Marine | |
| 160 | 14:36 | Terran Infantry Armor Level 3 | |
| 160 | 14:37 | Marine x2 | |
| 166 | 14:43 | Marine | |
| 166 | 14:44 | Widow Mine, Marine | |
| 166 | 14:45 | Marine | |
| 169 | 14:51 | Widow Mine | |
| 169 | 14:52 | Marine x3 | |
| 164 | 14:53 | Marauder | |
| 164 | 14:56 | Liberator | |
| 171 | 15:01 | Marauder | |
| 171 | 15:04 | Widow Mine | |
| 173 | 15:07 | Liberator | |
| 173 | 15:10 | Widow Mine | |
| 173 | 15:13 | Marine x2, Widow Mine | |
| 182 | 15:15 | Marauder | |
| 182 | 15:16 | Marauder | |
| 182 | 15:17 | Supply Depot | |
| 182 | 15:19 | Supply Depot | |
| 182 | 15:20 | Marine | |
| 182 | 15:24 | Widow Mine | |
| 182 | 15:25 | Marine | |
| 182 | 15:28 | Widow Mine, Liberator | |
| 180 | 15:29 | Orbital Command | |
| 180 | 15:33 | Marauder | |
| 185 | 15:36 | Widow Mine | |
| 185 | 15:41 | Marauder | |
| 188 | 15:42 | Marauder | |
| 188 | 15:48 | Marauder, Orbital Command | |
| 179 | 15:51 | Marine | |
| 179 | 15:53 | Marine | |
| 167 | 15:58 | Marauder | |
| 167 | 16:03 | Marauder | |
| 166 | 16:13 | Marauder | |
| 166 | 16:17 | Medivac | |
| 163 | 16:21 | Marine | |
| 163 | 16:27 | Marine | |
| 163 | 16:28 | Widow Mine | |
| 163 | 16:29 | Marine | |
| 167 | 16:34 | Widow Mine | |
| 167 | 16:37 | Widow Mine | |
| 168 | 16:43 | Medivac | |
| 168 | 16:46 | Medivac | |
| 174 | 16:47 | Widow Mine | |
| 174 | 16:48 | Marine x2, Marauder | |
| 174 | 16:50 | Widow Mine | |
| 180 | 16:55 | Liberator | |
| 180 | 16:59 | Marauder, Marine x2 | |
| 189 | 17:04 | Liberator | |
| 189 | 17:05 | Orbital Command | |
| 189 | 17:07 | Marauder | |
| 192 | 17:11 | Marine, Marauder | |
| 188 | 17:18 | Marine | |
| 189 | 17:31 | Marauder | |
| 189 | 17:34 | Supply Depot | |
| 189 | 17:43 | Supply Depot, Orbital Command | |
| 189 | 17:46 | Marine x2 | |
| 189 | 17:50 | Marauder | |
| 189 | 17:51 | Widow Mine, Marauder | |